 Dungeon Crawl Stone Soup version 0.17-a0-1403-g9df874c (webtiles) character file.

315 Kidiri the Conjurer (level 6, 0/45 HPs)
             Began as a Draconian Conjurer on June 20, 2015.
             Was a Follower of Vehumet.
             Killed by nerve-wracking pain
             ... invoked by Grinder
              (4 damage)
             ... on level 4 of the Dungeon.
             The game lasted 00:23:13 (4030 turns).

Kidiri the Conjurer (Draconian Conjurer)            Turns: 4030, Time: 00:23:13

Health: 0/45       AC:  7    Str: 10    XL:     6   Next: 20%
Magic:  0/11       EV: 13    Int: 17    God:    Vehumet [*.....]
Gold:   182        SH:  0    Dex: 12    Spells: 4 memorised, 2 levels left

rFire  . . .     SeeInvis .     d - +0 short sword
rCold  . . .     Clarity  .     (armour unavailable)
rNeg   . . .     SustAt   .     (no shield)
rPois  .         Gourm    +     (helmet restricted)
rElec  .         Spirit   .     o - +0 cloak
rCorr  .         Warding  .     (no gloves)
rMut   .         Stasis   .     (no boots)
MR     .....                    w - amulet of the gourmand
Stlth  ++........               (no ring)
                                (no ring)

@: flying, not resistant to hostile enchantments, unstealthy
A: unfitting armour, cold-blooded, AC +6
a: Renounce Religion


You were on level 4 of the Dungeon.
You worshipped Vehumet.
Vehumet was aware of your devotion.
You were not hungry.

You visited 1 branch of the dungeon, and saw 4 of its levels.

You collected 182 gold pieces.

Inventory:

Hand weapons
 d - a +0 short sword (weapon)
Missiles
 v - a throwing net (quivered)
Armour
 o - a +0 cloak (worn)
Jewellery
 w - an amulet of the gourmand (around neck)
Scrolls
 c - 2 scrolls of enchant weapon {unknown}
 f - a scroll of fear {unknown}
 h - a scroll of enchant armour {unknown}
 i - a scroll of teleportation {unknown}
 j - a scroll of identify {unknown}
 k - 2 scrolls of fog {unknown}
 l - a scroll of noise {unknown}
 q - a scroll of blinking {unknown}
Potions
 r - 2 potions of flight
 s - a potion of cancellation {unknown}
 t - a potion of invisibility {unknown}
 u - a potion of curing {unknown}
Books
 a - a book of Conjurations

   Spells                             Type                      Level
   a - Magic Dart                     Conjuration                  1
   b - Searing Ray                    Conjuration                  2
   c - Dazzling Spray                 Conjuration/Hexes            3
   d - Fulminant Prism                Conjuration/Hexes            4
   e - Iskenderun's Mystic Blast      Conjuration                  4
   f - Iskenderun's Battlesphere      Conjuration/Charms           5
Comestibles
 b - 3 bread rations
 g - a chunk of flesh
 m - a slice of pizza
 n - a fruit
 p - 4 meat rations


   Skills:
 + Level 2.9 Dodging
 + Level 3.3 Stealth
 * Level 3.8 Spellcasting
 + Level 4.8 Conjurations
 + Level 1.3 Hexes


You had 2 spell levels left.
You knew the following spells:

 Your Spells              Type           Power        Failure   Level  Hunger
a - Magic Dart            Conj           ###.         2%          1    None
b - Searing Ray           Conj           ###...       3%          2    ##.....
c - Dazzling Spray        Conj/Hex       ##......     14%         3    ###....
d - Iskenderun's Mystic   Conj           ###.....     24%         4    ####...


Dungeon Overview and Level Annotations

Branches:
Dungeon (4/15)
 Temple: D:4-7

Altars:
Ashenzari
Dithmenos
Makhleb
Ru
Vehumet
Zin

Annotations:
D:4 Grinder


Innate Abilities, Weirdness & Mutations

Your plain brown scales are hard (AC +6).
Your body does not fit into most forms of armour.
You are cold-blooded and may be slowed by cold attacks.


Message History

Confirm with . or Enter, or press ? or * to list all spells.
Aiming: Magic Dart
Press: ? - help, Shift-Dir - straight line, f/p - Grinder
Aim: Grinder (severely wounded)
The magic dart hits Grinder.
Grinder is severely wounded.
Grinder gestures at you.
You suddenly lose the ability to move!
Grinder hits you!
* * * LOW HITPOINT WARNING * * *
You writhe in agony.
* * * LOW HITPOINT WARNING * * *
You can move again.
Drink which item? (? for menu, Esc to quit)
It was a potion of flight.
You feel very buoyant.
You fly up into the air.
Grinder gestures at you. Pain shoots through your body!
You die...

#### .).# ..##
#..######## #..##.....#
#..##.....# #<.##.....#
####..#.....###########..
.........(.....5@%.......
#####.......######.###...
.......##### .# #####....
.. #..... ... #.......
..## #..##### ..# ##.#
..#


You could see Grinder.

Vanquished Creatures
  A scorpion (D:4)
  A hound (D:2)
  2 orc wizards (D:3)
  3 gnolls (D:3)
  3 adders
  A shadow imp (D:3)
  3 oozes
  2 worms (D:2)
  2 giant geckos
  14 orcs
  2 giant cockroaches (D:1)
  12 goblins
  10 hobgoblins
  2 ball pythons
  13 bats
  6 giant newts
  8 kobolds
  10 rats
  A plant (D:1)
96 creatures vanquished.

Notes
Turn   | Place    | Note
--------------------------------------------------------------
     0 | D:1      | Kidiri the Draconian Conjurer began the quest for the Orb.
     0 | D:1      | Reached XP level 1. HP: 14/14 MP: 3/3
   499 | D:1      | Reached XP level 2. HP: 20/20 MP: 5/5
   503 | D:1      | Learned a level 2 spell: Searing Ray
  1059 | D:1      | Reached XP level 3. HP: 26/26 MP: 6/6
  1204 | D:2      | Found a shadowy altar of Dithmenos.
  1468 | D:2      | Reached XP level 4. HP: 31/33 MP: 1/8
  1615 | D:2      | Found a burning altar of Makhleb.
  1626 | D:2      | Found a shattered altar of Ashenzari.
  1629 | D:2      | Found a radiant altar of Vehumet.
  1638 | D:2      | Became a worshipper of Vehumet
  1761 | D:2      | Learned a level 3 spell: Dazzling Spray
  2713 | D:3      | Reached XP level 5. HP: 38/38 MP: 5/9
  2719 | D:3      | Learned a level 4 spell: Iskenderun's Mystic Blast
  3107 | D:3      | Acquired Vehumet's first power
  3107 | D:3      | Offered knowledge of Flame Tongue by Vehumet.
  3140 | D:3      | Reached skill level 1 in Hexes
  3423 | D:3      | Found a glowing silver altar of Zin.
  3804 | D:3      | Found a sacrificial altar of Ru.
  3999 | D:4      | Noticed Grinder
  4005 | D:4      | Reached XP level 6. HP: 45/45 MP: 5/11
  4015 | D:4      | Paralysed by Grinder for 3 turns
  4028 | D:4      | Paralysed by Grinder for 2 turns
  4030 | D:4      | Killed from afar by Grinder

Vault maps used:
D:1:      tarquinn_simple_flora_water_a, hangedman_decor_peaks_small,
          minivault_23
D:2:      makhleb_heckhound_becter, lemuel_crystal_altar,
          nicolae_dithmenos_shadow_blocks, ashenzari_altar_1,
          kennysheep_generic_room_13
D:3:      lemuel_doored_altar, nicolae_ru_path_of_blood
D:4:      first_bread, serial_shops, shop, minmay_cut_off, uniq_duvessa,
          uniq_grinder

Action                   |  1- 3 |  4- 6 || total
-------------------------+-------+-------++-------
Melee: Short sword       |   181 |    42 ||   223
       Unarmed           |     5 |       ||     5
Throw: Javelin           |     1 |     9 ||    10
 Cast: Magic Dart        |    33 |    90 ||   123
       Searing Ray       |     2 |    11 ||    13
  Use: Potion            |       |     1 ||     1
 Stab: Sleeping          |     4 |     1 ||     5
  Eat: Chunk             |     3 |    13 ||    16
